 Dungeon Crawl Stone Soup version 0.23-b1-51-gfe822ef6ca (webtiles) character file.

Game seed: 17809268590221616111

3453 Laan the Basher (level 10, -8/63 HPs)
             Began as a Gargoyle Fighter on Feb 4, 2019.
             Was a Believer of the Shining One.
             Mangled by a spiny frog (12 damage)
             ... on level 1 of the Lair of Beasts.
             The game lasted 00:18:12 (6310 turns).

Laan the Basher (Gargoyle Fighter)                  Turns: 6310, Time: 00:18:13

Health: -8/63      AC: 23    Str: 22    XL:     10   Next: 6%
Magic:  10/10      EV:  5    Int: 15    God:    the Shining One [**....]
Gold:   543        SH: 11    Dex:  9    Spells: 9/9 levels left

rFire    . . .     SeeInvis .   L - +0 morningstar
rCold    . . .     Gourm    .   c - +0 shield
rNeg     + + .     Faith    .   o - +0 plate armour
rPois    ∞         Spirit   .   M - +0 helmet
rElec    +         Reflect  .   (no cloak)
rCorr    .         Harm     .   (no gloves)
MR       .....                  C - +0 pair of boots
Stlth    ..........             (no amulet)
HPRegen  0.20/turn              (no ring)
MPRegen  0.12/turn              (no ring)

@: brilliant, glowing
A: negative energy resistance 1, electricity resistance, unbreathing,
petrification resistance, rot immunity, AC +7
a: Divine Shield, Renounce Religion


You were on level 1 of the Lair of Beasts.
You worshipped the Shining One.
The Shining One was pleased with you.
You were not hungry.

You visited 3 branches of the dungeon, and saw 10 of its levels.

You collected 543 gold pieces.

Inventory:

Hand Weapons
 a - a +0 flail
 L - a +0 morningstar (weapon)
Armour
 c - a +0 shield (worn)
 o - a +0 plate armour (worn)
 C - a +0 pair of boots (worn)
 M - a +0 helmet (worn)
Jewellery
 B - an uncursed ring of fire
Wands
 b - a wand of disintegration (18)
 A - a wand of scattershot (6)
 F - a wand of iceblast (6)
 H - a wand of acid (8)
 J - a wand of polymorph (8)
Scrolls
 e - 2 scrolls of amnesia {unknown}
 i - 4 scrolls of immolation {unknown}
 m - 3 scrolls of enchant armour {unknown}
 p - 3 scrolls of magic mapping {unknown}
 u - 5 scrolls of remove curse {unknown}
 x - 2 scrolls of noise {unknown}
 y - a scroll of fog {unknown}
 z - 6 scrolls of identify {unknown}
 D - a scroll of random uselessness {unknown}
 G - a scroll of vulnerability {unknown}
 K - 3 scrolls of enchant weapon {unknown}
Potions
 d - 3 potions of might
 h - a potion of brilliance
 j - 2 potions of invisibility {unknown}
 k - a potion of ambrosia {unknown}
 l - a potion of degeneration {unknown}
 n - 2 potions of mutation {unknown}
 q - 2 potions of heal wounds {unknown}
 r - a potion of lignification {unknown}
 s - 2 potions of haste {unknown}
 t - a potion of cancellation {unknown}
 w - 2 potions of flight {unknown}
 E - a potion of berserk rage {unknown}
Comestibles
 f - 10 rations


   Skills:
 + Level 7.3 Fighting
 * Level 9.2 Maces & Flails
 + Level 7.5 Armour
 - Level 0.4 Dodging
 + Level 7.8 Shields


You had 9 spell levels left.
You didn't know any spells.
Your spell library contained the following spells:

 Spells                   Type           Power        Failure   Level  Hunger
 Animate Skeleton         Necr           N/A          67%         1    ##.....
 Apportation              Tloc           #.....       67%         1    ##.....
 Confusing Touch          Hex            #.....       67%         1    ##.....
 Summon Small Mammal      Summ           #...         67%         1    ##.....


Dungeon Overview and Level Annotations

Branches:
Dungeon (8/15)             Temple (1/1) D:4            Lair (1/6) D:8

Altars:
Cheibriados
Dithmenos
Fedhas
Gozag
Hepliaklqana
Makhleb
Nemelex Xobeh
Okawaru
Qazlal
Sif Muna
Trog
Zin
The Shining One

Portals:
Ice
Cave: Lair:1


Innate Abilities, Weirdness & Mutations

You are resistant to torment.
Your stone body is resilient. (AC +7)
You are immune to poison.
You resist negative energy. (rN+)
You are resistant to electric shocks. (rElec)
You can survive without breathing.
You are immune to petrification.
You are immune to rotting.


Message History

The spiny frog is moderately wounded.
The spiny frog stings you!
You hit the spiny frog.
The spiny frog is heavily wounded.
The spiny frog stings you.
The spiny frog stings you but does no damage.
You hit the spiny frog.
The spiny frog is severely wounded.
The spiny frog stings you!
You hit the spiny frog.
The spiny frog is severely wounded.
The spiny frog stings you!
Your shield and plate armour prevent you from hitting the spiny frog.
The spiny frog is severely wounded.
The spiny frog stings you!
* * * LOW HITPOINT WARNING * * *
It was a potion of brilliance.
You feel clever all of a sudden. You block the spiny frog's attack.
The spiny frog stings you!
You die...

#.............#
##....#.##.#...#
#..............#
##.............##
#...#......#....#
##..#......#...##
#.........#...#
##..#......#...##
#...#..........@#
##..#......#..F##
#...####..P#....F.....
##.... ...............
.###[######.##.######
## ## ## ##


You could see a spiny frog.

Vanquished Creatures
  Erica (D:8)
  A hippogriff (D:7)
  3 orc warriors
  An ice beast (D:7)
  2 phantoms
  A black bear (D:8)
  3 ogres
  A centaur (D:8)
  Blork the orc (D:4)
  2 bullfrogs
  2 scorpions
  A crimson imp (D:7)
  2 bullfrog zombies
  2 jellies
  2 quasits (D:7)
  6 hounds
  3 orc priests (D:8)
  2 bullfrog skeletons
  6 orc wizards
  Jessica (D:3)
  8 worker ants
  2 killer bee zombies (D:6)
  2 hound zombies
  2 hound skeletons
  7 gnolls
  12 adders
  A shadow imp (D:6)
  An ooze (D:4)
  An adder zombie (D:7)
  2 adder skeletons (D:4)
  A worm (D:4)
  A dart slug (D:1)
  12 leopard geckos
  36 orcs
  2 ball pythons
  6 bats
  3 giant cockroaches
  13 goblins
  6 hobgoblins
  6 kobolds
  7 quokkas
  2 frilled lizards
  A giant cockroach zombie (D:5)
  4 rats
181 creatures vanquished.

Vanquished Creatures (others)
  A fungus (Lair:1)
  2 plants (Lair:1)
3 creatures vanquished.

Grand Total: 184 creatures vanquished

Notes
Turn   | Place    | Note
-------+----------+-------------------------------------------
     0 | D:1      | Laan the Gargoyle Fighter began the quest for the Orb.
     0 | D:1      | Reached XP level 1. HP: 14/14 MP: 1/1
   144 | D:1      | Reached XP level 2. HP: 19/19 MP: 2/2
   604 | D:2      | Reached XP level 3. HP: 23/23 MP: 3/3
   894 | D:2      | Reached skill level 3 in Maces & Flails
  1167 | D:2      | Reached XP level 4. HP: 23/28 MP: 4/4
  1249 | D:3      | Found a sparkling altar of Nemelex Xobeh.
  1275 | D:3      | Noticed Jessica
  1316 | D:3      | Killed Jessica
  1534 | D:3      | Reached XP level 5. HP: 32/33 MP: 5/5
  2166 | D:4      | Noticed Blork the orc
  2183 | D:4      | Killed Blork the orc
  2183 | D:4      | Reached skill level 4 in Maces & Flails
  2183 | D:4      | Reached XP level 6. HP: 24/38 MP: 6/6
  2365 | D:4      | Reached skill level 5 in Shields
  2385 | D:4      | Found a burning altar of Makhleb.
  2512 | D:4      | Found a staircase to the Ecumenical Temple.
  2597 | Temple   | Entered the Ecumenical Temple
  2613 | Temple   | Became a worshipper of the Shining One
  3061 | D:5      | Entered Level 5 of the Dungeon
  3070 | D:5      | Reached XP level 7. HP: 44/44 MP: 7/7
  3126 | D:5      | Reached skill level 5 in Maces & Flails
  3292 | D:5      | Reached skill level 5 in Armour
  3523 | D:5      | Reached skill level 5 in Fighting
  3580 | D:6      | Reached * piety under the Shining One
  3638 | D:6      | Reached XP level 8. HP: 45/49 MP: 8/8
  3854 | D:6      | Reached skill level 6 in Maces & Flails
  4419 | D:6      | Found a snail-covered altar of Cheibriados.
  4421 | D:6      | Found a stormy altar of Qazlal.
  4426 | D:6      | Found a glowing silver altar of Zin.
  4599 | D:7      | Noticed a hippogriff
  4610 | D:7      | Killed a hippogriff
  4610 | D:7      | Reached skill level 7 in Maces & Flails
  4646 | D:7      | Reached XP level 9. HP: 47/55 MP: 9/9
  4841 | D:7      | Reached ** piety under the Shining One
  5242 | D:8      | Reached skill level 8 in Maces & Flails
  5417 | D:8      | Found a staircase to the Lair.
  5495 | D:8      | Noticed Erica
  5517 | D:8      | Killed Erica
  5517 | D:8      | Reached skill level 9 in Maces & Flails
  5517 | D:8      | Reached XP level 10. HP: 41/63 MP: 10/10
  6063 | Lair:1   | Entered Level 1 of the Lair of Beasts
  6145 | Lair:1   | Found a frozen archway.
  6298 | Lair:1   | Noticed a spiny frog
  6310 | Lair:1   | Mangled by a spiny frog

Skill      XL: |  1  2  3  4  5  6  7  8  9 |
---------------+----------------------------+-----
Maces & Flails | 3 4 5 7 9 |  9.2
Shields        | 4 5 6 7 |  7.8
Fighting       | 4 5 6 7 |  7.3
Armour         | 4 5 6 7 |  7.5
Dodging        | |  0.4

Action                   |  1- 3 |  4- 6 |  7- 9 | 10-12 || total
-------------------------+-------+-------+-------+-------++-------
Melee: Flail             |   145 |   274 |   384 |    15 ||   818
       Morningstar       |       |       |       |    22 ||    22
Evoke: Wand              |       |       |     4 |       ||     4
  Use: Potion            |       |     1 |       |     4 ||     5
       Scroll            |       |       |       |     4 ||     4
  Eat: Chunk             |       |     6 |     4 |     2 ||    12
       Ration            |       |     1 |     1 |       ||     2
Armor: Scale mail        |    64 |       |       |       ||    64
       Plate armour      |    20 |   215 |   240 |    21 ||   496
Dodge: Dodged            |    40 |    51 |    65 |     9 ||   165
Block: Shield            |    76 |   156 |   210 |    17 ||   459
